 Dungeon Sprint DCSS version 0.28-a0-461-g2dc4ca5097 (webtiles) character file.

Game seed: 3675159846398129623

6166 MikeHunt the Sage (level 10, 0/80 HPs)
             Began as a Demonspawn Earth Elementalist on Sept 13, 2021.
             Was a High Priest of Sif Muna.
             Slain by a komodo dragon (26 damage)
             ... in the Dungeon (Sprint III: "The Ten Rune Challenge").
             The game lasted 00:08:46 (2034 turns).

MikeHunt the Sage (Demonspawn Earth Elementalist)   Turns: 2034, Time: 00:08:47

Health: 0/80       AC:  8    Str:  9    XL:     10   Next: 60%
Magic:  12/23      EV: 20    Int: 21    God:    Sif Muna [*****.]
Gold:   832        SH:  0    Dex: 14    Spells: 17/28 levels left

rFire   . . .      SeeInvis +     - Unarmed
rCold   + . .      Faith    .   (no shield)
rNeg    . . .      Spirit   .   o - +1 robe {rC+}
rPois   .          Reflect  .   p - +1 helmet {SInv}
rElec   .          Harm     .   q - +0 cloak
rCorr   .          Rampage  .   (gloves unavailable)
Will    .....      NoTele   +   r - +0 pair of boots
Stlth   +.........              (no amulet)
HPRegen 0.23/turn               (no ring)
MPRegen 0.18/turn               (no ring)

@: agile, lethally poisoned (0 -> -3), very slow
A: claws 3, powered by death 1, powered by pain 1, big brain 1
a: Renounce Religion, Channel Magic, Forget Spell, Divine Exegesis


You were in the Dungeon.
You worshipped Sif Muna.
Sif Muna was extremely pleased with you.
You visited 1 branch You collected 3977 gold pieces.
You spent 3145 gold pieces at shops.

Inventory:

Missiles
 i - 18 stones
Armour
 b - a +0 robe
 n - a +0 robe of cold resistance
 o - a +1 robe of cold resistance (worn)
 p - a +1 helmet of see invisible (worn)
 q - a +0 cloak (worn)
 r - a +0 pair of boots (worn)
 s - the +4 shadow dragon scales of Distant Shores {rPois rF+ Stlth++++}
   (You bought it in a shop in the Dungeon)

   rF:        It protects you from fire.
   rPois:     It protects you from poison.
   Stlth:     It makes you much more stealthy.
Scrolls
 a - 3 scrolls of identify {unknown}
 h - a scroll of blinking
 j - 2 scrolls of immolation {unknown}
Potions
 c - 2 potions of curing
 d - a potion of heal wounds
 e - a potion of haste
 f - 2 potions of magic
 g - 3 potions of mutation {unknown}
 k - 3 potions of degeneration {unknown}
 l - a potion of flight {unknown}
Miscellaneous
 m - a phantom mirror


   Skills:
 + Level 7.7 Fighting
 + Level 5.1 Armour
 + Level 7.3 Dodging
 - Level 1.7 Stealth
 + Level 8.0 Unarmed Combat
 - Level 9.8 Spellcasting
 - Level 9.0 Conjurations
 - Level 4.0 Transmutations
 - Level 9.0 Fire Magic
 - Level 9.0 Earth Magic
 - Level 10.0 Invocations


You had 17 spell levels left.
You knew the following spells:

 Your Spells              Type           Power      Damage    Failure   Level
a - Sandblast             Erth           96%        2d20      1%          1
b - Ignite Poison         Fire/Tmut/Pois 28%        N/A       3%          3
f - Sticky Flame          Conj/Fire      48%        2d7       1%          4
r - Stone Arrow           Conj/Erth      96%        3d13      1%          3

Your spell library contained the following spells:

 Spells                   Type           Power      Damage    Failure   Level
 Passwall                 Tmut/Erth      30%        N/A       1%          2
 Scorch                   Fire           96%        2d10      1%          2
 Static Discharge         Conj/Air       29%        N/A       1%          2
 Wereblood                Tmut           27%        N/A       1%          2
 Conjure Flame            Conj/Fire      48%        6-21      1%          3
 Petrify                  Tmut/Erth      37%        N/A       4%          4
 Fireball                 Conj/Fire      24%        3d11      4%          5
 Sublimation of Blood     Necr           5%         N/A       10%         2
 Animate Armour           Summ/Erth      58%        N/A       11%         4
 Vampiric Draining        Necr           5%         2d6       21%         3
 Conjure Ball Lightning   Conj/Air       14%        3x3d6     85%         6
 Agony                    Necr           10%        N/A       88%         5
 Simulacrum               Ice/Necr       5%         N/A       100%        6
 Summon Hydra             Summ           5%         N/A       100%        7
 Ignition                 Fire           24%        3d8       100%        8
 Lehudib's Crystal Spear  Conj/Erth      24%        10d7      100%        8
 Death's Door             Necr           5%         N/A       100%        9


Dungeon Overview and Level Annotations

Branches:
Dungeon (1/1)

Altars:
Cheibriados
Dithmenos
Elyvilon
Fedhas
Gozag
Hepliaklqana
Kikubaaqudgha
Makhleb
Nemelex Xobeh
Okawaru
Qazlal
Ru
Sif Muna
Trog
Uskayaw
Vehumet
Wu Jian
Xom
Yredelemnul
Zin
The Shining One
Beogh
Jiyva
Lugonu

Shops:
D [


Innate Abilities, Weirdness & Mutations

You have claws for hands.
You regenerate a little health from kills.
You sometimes gain a little power by taking damage.
You have an unusually large brain. (Int +2)


Message History

The cane toad is covered in liquid flames!
You feel very sick.
The cane toad burns!
The cane toad completely misses you.
Casting: Sticky Flame (dangerous; 1% risk of failure)
Confirm with . or Enter, or press ? or * to list all spells.
Aiming: Stone Arrow (safe; 1% risk of failure)
Press: ? - help, Shift-Dir - straight line, f/p - cane toad
Aim: a cane toad (moderately wounded, covered in liquid flames, 85% to hit)
The stone arrow hits the cane toad!
The cane toad is severely wounded.
You feel very sick.
The cane toad burns!
The cane toad stings you!!
You focus on the pain.
You feel your power returning.
The komodo dragon hisses menacingly.
You feel very sick.
The cane toad burns!
The cane toad stings you but does no damage.
Casting: Stone Arrow (safe; 1% risk of failure)
Confirm with . or Enter, or press ? or * to list all spells.
Aiming: Stone Arrow (safe; 1% risk of failure)
Press: ? - help, Shift-Dir - straight line, f/p - cane toad
Aim: a cane toad (almost dead, covered in liquid flames, 85% to hit)
The stone arrow hits the cane toad!
You kill the cane toad!
Sif Muna accepts your kill.
You feel sick.
Your Armour skill increases to level 5!
Your Unarmed Combat skill increases to level 8!
Casting: Stone Arrow (safe; 1% risk of failure)
Confirm with . or Enter, or press ? or * to list all spells.
Aiming: Sticky Flame (dangerous; 1% risk of failure)
Press: ? - help, Shift-Dir - straight line, f - komodo dragon
Aim: a komodo dragon (100% to hit)
The sticky flame hits the komodo dragon.
The komodo dragon is lightly wounded.
The komodo dragon is covered in liquid flames!
You feel sick.
The flames covering the komodo dragon go out.
The komodo dragon stops burning.
The komodo dragon bites you!!
You die...

.###...'.⌠....))..#)#......##
####...#...######'#.#..#.#.#
###....#.⌠.#__#...#'#############
##.....#...#__#..)#.)).#.#.#.....
#......#)###__#..)##.#).#.##.###)
.#.....#...#__#...'##)#.#.##.#.)#
###....#___#__'...#)))#..#..##..'
▓▓▓▓▓▓▓▓▓▓▓▓▓▓▓▓▓▓▓▓▓▓▓▓▓▓▓▓▓▓#
♣l@≈........≈≈≈...#
♣'♣≈≈≈≈≈≈≈≈≈≈≈≈♣♣P.'
.≈♣♣♣♣♣♣♣♣♣♣♣♣♣♣♣♣PP# #.. ♣♣♣# ##


You could see a komodo dragon.

Vanquished Creatures
  Erolcha (D)
  4 orc sorcerers (D)
  A deep elf pyromancer (D)
  2 cane toads (D)
  3 wandering mushrooms (D)
  2 redbacks (D)
  A shadow (D)
  A spatial vortex (D)
  4 orc warriors (D)
  A necrophage (D)
  5 two-headed ogres (D)
  A water elemental (D)
  2 orc priests (D)
  A jelly (D)
  Jessica (D)
  A wizard (D)
  A necromancer (D)
  3 humans (D)
  A kobold demonologist (D)
  A phantom (D)
  7 orcs (D)
  A giant cockroach (D)
  2 rats (D)
47 creatures vanquished.

Notes
Turn   | Place    | Note
-------+----------+-------------------------------------------
     0 | D        | MikeHunt the Demonspawn Earth Elementalist began the quest
                  | for the Orb.
     0 | D        | Reached XP level 1. HP: 13/13 MP: 3/3
    53 | D        | Noticed Jessica
    55 | D        | Killed Jessica
    56 | D        | Gained mutation: You have sharp fingernails. [demonic
                  | ancestry]
    56 | D        | Reached XP level 2. HP: 16/19 MP: 2/7
   121 | D        | Reached skill level 5 in Spellcasting
   121 | D        | Reached XP level 3. HP: 9/24 MP: 4/9
   334 | D        | Learned a level 3 spell: Stone Arrow
   354 | D        | Noticed a water elemental
   358 | D        | Killed a water elemental
   359 | D        | Reached skill level 5 in Earth Magic
   359 | D        | Reached XP level 4. HP: 26/30 MP: 1/12
   439 | D        | Found a radiant altar of Vehumet.
   439 | D        | Found a shimmering blue altar of Sif Muna.
   439 | D        | Found an ancient bone altar of Kikubaaqudgha.
   439 | D        | Noticed a wizard
   440 | D        | Killed a wizard
   444 | D        | Reached skill level 5 in Conjurations
   444 | D        | Reached XP level 5. HP: 35/35 MP: 4/13
   450 | D        | Became a worshipper of Sif Muna the Loreminder
   468 | D        | Learned a level 4 spell: Sticky Flame
   468 | D        | Found a shadowy altar of Dithmenos.
   468 | D        | Noticed a necrophage
   471 | D        | Reached skill level 1 in Fire Magic
   472 | D        | Killed a necrophage
   526 | D        | Found a basalt altar of Yredelemnul.
   526 | D        | Found a sacrificial altar of Ru.
   573 | D        | Noticed a deep elf pyromancer
   575 | D        | Killed a deep elf pyromancer
   575 | D        | Reached * piety under Sif Muna
   576 | D        | Reached skill level 5 in Fire Magic
   576 | D        | Gained mutation: You regenerate a little health from kills.
                  | [demonic ancestry]
   576 | D        | Reached XP level 6. HP: 41/41 MP: 8/17
   576 | D        | Gained mutation: You have very sharp fingernails. [demonic
                  | ancestry]
   576 | D        | Reached XP level 7. HP: 46/46 MP: 8/19
   652 | D        | Noticed a shadow
   654 | D        | Killed a shadow
   659 | D        | Found a blossoming altar of Fedhas.
   659 | D        | Found a stormy altar of Qazlal.
   705 | D        | Found a snail-covered altar of Cheibriados.
   705 | D        | Found a burning altar of Makhleb.
   705 | D        | Found a hazy altar of Hepliaklqana.
   705 | D        | Found a shimmering altar of Xom.
   705 | D        | Found an opulent altar of Gozag.
   705 | D        | Found a sparkling altar of Nemelex Xobeh.
   705 | D        | Found a corrupted altar of Lugonu.
   705 | D        | Found a viscous altar of Jiyva.
   705 | D        | Noticed a spatial vortex
   708 | D        | Killed a spatial vortex
   708 | D        | Reached ** piety under Sif Muna
   762 | D        | Found a hide-covered altar of Uskayaw.
   762 | D        | Found an iron altar of Okawaru.
   763 | D        | Found a bloodstained altar of Trog.
   764 | D        | Found an ornate altar of the Wu Jian Council.
   764 | D        | Noticed a human
   765 | D        | Noticed a human
   767 | D        | Killed a human
   768 | D        | Gained mutation: You have claws for hands. [demonic
                  | ancestry]
   768 | D        | Reached XP level 8. HP: 52/52 MP: 11/21
   914 | D        | Reached *** piety under Sif Muna
   936 | D        | Reached skill level 1 in Fighting
   936 | D        | Reached skill level 2 in Invocations
  1035 | D        | Noticed a two-headed ogre
  1045 | D        | Killed a two-headed ogre
  1046 | D        | Reached skill level 4 in Invocations
  1153 | D        | Reached **** piety under Sif Muna
  1154 | D        | Reached skill level 5 in Invocations
  1267 | D        | Reached skill level 1 in Unarmed Combat
  1275 | D        | Gained mutation: You sometimes gain a little power by
                  | taking damage. [demonic ancestry]
  1275 | D        | Reached XP level 9. HP: 49/65 MP: 14/22
  1279 | D        | Reached ***** piety under Sif Muna
  1337 | D        | Noticed an orc sorcerer
  1341 | D        | Killed an orc sorcerer
  1341 | D        | Received a gift from Sif Muna
  1342 | D        | Reached skill level 5 in Fighting
  1342 | D        | Reached skill level 5 in Dodging
  1342 | D        | Reached skill level 7 in Invocations
  1343 | D        | Got Sif Muna's Collected Works on Dark Rites and Stones
                  | {god gift}
  1357 | D        | Noticed an orc sorcerer
  1357 | D        | Noticed an orc sorcerer
  1369 | D        | Noticed an ice devil
  1370 | D        | Reached skill level 8 in Invocations
  1370 | D        | Killed an orc sorcerer
  1371 | D        | Reached skill level 5 in Unarmed Combat
  1371 | D        | Reached skill level 9 in Invocations
  1405 | D        | Paralysed by an orc sorcerer for 4 turns
  1411 | D        | Killed an orc sorcerer
  1412 | D        | Reached skill level 10 in Invocations
  1415 | D        | Found Cuiqecku's Antique Armour Shop.
  1442 | D        | Bought a shiny helmet for 232 gold pieces
  1442 | D        | Bought a cloak for 139 gold pieces
  1452 | D        | Bought a pair of boots for 139 gold pieces
  1457 | D        | Bought diamond-encrusted shadow dragon scales for 2635 gold
                  | pieces
  1457 | D        | Identified the +4 shadow dragon scales of Distant Shores
                  | {rPois rF+ Stlth++++} (You bought it in a shop in the
                  | Dungeon)
  1481 | D        | Learned a level 3 spell: Ignite Poison
  1485 | D        | Noticed a two-headed ogre
  1485 | D        | Noticed Erolcha
  1496 | D        | Killed a two-headed ogre
  1497 | D        | Reached skill level 1 in Armour
  1497 | D        | Reached skill level 1 in Transmutations
  1497 | D        | Killed Erolcha
  1498 | D        | Gained mutation: You have an unusually large brain. (Int
                  | +2) [demonic ancestry]
  1498 | D        | Reached XP level 10. HP: 29/76 MP: 13/23
  1559 | D        | Noticed an orc sorcerer
  1561 | D        | Noticed a rust devil
  1562 | D        | Killed an orc sorcerer
  1678 | D        | Received a gift from Sif Muna
  1679 | D        | Got Sif Muna's Papyrus of Scorching Confrontation {god
                  | gift}
  2026 | D        | Noticed a cane toad
  2026 | D        | Noticed a cane toad
  2029 | D        | Killed a cane toad
  2033 | D        | Killed a cane toad
  2034 | D        | Reached skill level 5 in Armour
  2034 | D        | Slain by a komodo dragon

Illustrated notes

Levels and vault maps discovered:
D:        dungeon_sprint_mu [sprint_mu_entry_cave, sprint_mu_temple_rooms,
          sprint_mu_d1_spiders, sprint_mu_d2_genie, sprint_mu_d3_branching,
          sprint_mu_orc_legion, sprint_mu_elf_gauntlet, sprint_mu_hive_nellie,
          sprint_mu_lair_fedhas, sprint_mu_vaults_butterflies,
          sprint_mu_slime_circle, sprint_mu_swamp_cave, sprint_mu_snake_twists,
          sprint_mu_blade_basic, sprint_mu_crypt_lich, sprint_mu_tomb_spiral,
          sprint_mu_vestibule_basic, sprint_mu_gehenna_hellfire,
          sprint_mu_dis_giant, sprint_mu_tartarus_statrot,
          sprint_mu_cocytus_islands, sprint_mu_zot1]

Skill      XL: |  1  2  3  4  5  6  7  8  9 10 |
---------------+-------------------------------+-----
Spellcasting   | 4 5 6 8 9 |  9.8
Earth Magic    | 4 5 8 9 |  9.0
Conjurations   | 3 5 8 9 |  9.0
Fire Magic     | 5 7 9 |  9.0
Fighting       | 4 6 7 |  7.7
Dodging        | 4 5 7 |  7.3
Invocations    | 5 10 | 10.0
Unarmed Combat | 1 6 8 |  8.0
Armour         | 2 5 |  5.1
Transmutations | 3 4 |  4.0
Stealth        | |  1.7

Action                   |  1- 3 |  4- 6 |  7- 9 | 10-12 || total
-------------------------+-------+-------+-------+-------++-------
Melee: Unarmed           |    23 |       |    15 |     4 ||    42
 Cast: Sandblast         |     8 |     4 |       |       ||    12
       Stone Arrow       |     3 |     6 |    43 |    20 ||    72
       Sticky Flame      |       |       |    12 |     7 ||    19
Invok: Channel Magic     |       |       |     2 |       ||     2
  Use: Potion            |     1 |       |     1 |       ||     2
Armor: Robe              |     4 |       |     1 |     3 ||     8
Dodge: Dodged            |    13 |     1 |    16 |     6 ||    36

Table legend: (Time is in decaauts)
 A = Elapsed time spent in this place.
 B = Non-inter-level travel time spent in this place.
 C = Inter-level travel time spent in this place.
 D = Time resting spent in this place.
 E = Time spent auto-exploring this place.
 F = Levels seen in this place.
 G = Mean time per level.
                   A        B        C        D        E       F      G
               +--------+--------+--------+--------+--------+-----+--------+
         Total |   2045 |   2045 |      0 |   1478 |      0 |   1 | 2045.0 |
       Dungeon |   2045 |   2045 |      0 |   1478 |      0 |   1 | 2045.0 |
               +--------+--------+--------+--------+--------+-----+--------+

Top non-repeatable levels by time:
       D: 2045 daAuts
